 Dungeon Sprint DCSS version 0.19-b1-4-gd8a0a2a (webtiles) character file.

13477 varam the Brawler (level 11, -3/93 (94) HPs)
             Began as a Troll Fighter on Oct 30, 2016.
             Was a High Priest of Okawaru.
             Slain by a 13-headed hydra (6 damage)
             ... while paralysed by a floating eye
             ... in the Dungeon (Sprint I: "Red Sonja").
             The game lasted 00:13:30 (2274 turns).

varam the Brawler (Troll Fighter)                   Turns: 2274, Time: 00:13:31

HP:   -3/93 (94)    AC: 18    Str: 26    XL:     11   Next: 76%
MP:   6/8           EV:  1    Int:  4    God:    Okawaru [*****.]
Gold: 257           SH:  0    Dex: 20    Spells: 0 memorised, 10 levels left

rFire  + . .     SeeInvis +       - Unarmed
rCold  . . .     Gourm    +     u - +4 pearl dragon scales
rNeg   + + .     Faith    .     b - +2 shield
rPois  +         Spirit   .     (helmet restricted)
rElec  .         Reflect  .     t - +0 cloak "Irrab" {-Cast *Drain rN+ Dex+8}
rCorr  .         Harm     .     (gloves unavailable)
MR     +....     Rnd*Rage +     (boots unavailable)
Stlth  ++........ NoTele   +    (no amulet) NoCast +
                                v - ring of see invisible
                                l - ring of Intercession {Wiz rPois MR+}

@: paralysed, heroism
A: unfitting armour, claws 3, berserk 1, blurry vision 1, deformed body, fire
resistance 1, fast metabolism 3, gourmand, low mp 1, regeneration 1, screaming
1, shaggy fur 1, tough skin 2, subdued magic 1
a: Heroism, Finesse, Renounce Religion


You were in the Dungeon.
You worshipped Okawaru.
Okawaru was extremely pleased with you.
You were completely stuffed.

You visited 1 branch You collected 1730 gold pieces.
You spent 1473 gold pieces at shops.

Inventory:

Hand Weapons
 m - a +0 hand crossbow of flaming
Missiles
 o - 19 stones (quivered)
 q - 7 javelins of returning
Armour
 a - a +0 robe
 b - a +2 shield (worn)
 r - a +0 cloak of magic resistance
 t - the +0 cloak "Irrab" (worn) {-Cast *Drain rN+ Dex+8}
   (Okawaru gifted it to you in the Dungeon)

   It affects your dexterity (+8).
   It protects you from negative energy.
   It prevents spellcasting.
   It causes draining when unequipped.
 u - +4 pearl dragon scales (worn)
Jewellery
 l - the ring of Intercession (left claw) {Wiz rPois MR+}
   (You found it in the Dungeon)

   [ring of wizardry]

   It improves your spell success rate.
   It protects you from poison.
   It affects your resistance to hostile enchantments.
 v - a ring of see invisible (right claw)
Wands
 k - a wand of digging (15/24)
Scrolls
 j - a scroll of blinking
 w - a scroll of magic mapping {unknown}
Potions
 c - a potion of might
 e - 5 potions of curing {@q1}
 f - 2 potions of heal wounds
 g - a potion of haste
 h - 2 potions of magic
 i - a potion of berserk rage
 n - a potion of ambrosia {unknown}
 s - a potion of lignification {unknown}
Comestibles
 d - 7 chunks of flesh
 p - 2 meat rations


   Skills:
 - Level 2.4(7.4) Fighting
 + Level 6.2(11.2) Armour
 - Level 15.2(20.2) Dodging
 - Level 9.3(14.3) Shields
 - Level 18.7(23.7) Unarmed Combat


You had 10 spell levels left.
You didn't know any spells.

Dungeon Overview and Level Annotations

Branches:
Dungeon (1/1)

Altars:
Cheibriados
Dithmenos
Elyvilon
Fedhas
Gozag
Hepliaklqana
Kikubaaqudgha
Makhleb
Nemelex Xobeh
Okawaru
Qazlal
Ru
Sif Muna
Trog
Uskayaw
Vehumet
Xom
Yredelemnul
Zin
The Shining One
Jiyva
Lugonu

Shops:
D *}=%%(}%?!%=?[:%*?=[?


Innate Abilities, Weirdness & Mutations

You are too large for most types of armour.
You have claws for hands.
Your metabolism is lightning-fast.
You like to eat raw meat.
Your natural rate of healing is unusually fast.
You are covered in fur. (AC +1)
You have very tough skin. (AC +2)
You tend to lose your temper in combat.
Scrolls take you a little longer to read.
Armour fits poorly on your strangely shaped body.
Your flesh is heat resistant. (rF+)
Your magical capacity is low. (-10% MP)
You occasionally shout uncontrollably at your foes.
Your spells are a little easier to cast, but a little less powerful.


Message History

The 13-headed hydra bites you!
* * * LOW HITPOINT WARNING * * *
The 13-headed hydra bites you but does no damage.
The 13-headed hydra barely misses you.
The 13-headed hydra bites you but does no damage. x2
The 13-headed hydra bites you.
* * * LOW HITPOINT WARNING * * *
The 13-headed hydra bites you but does no damage.
The 13-headed hydra bites you.
* * * LOW HITPOINT WARNING * * *
The 13-headed hydra bites you.
* * * LOW HITPOINT WARNING * * *
The 13-headed hydra bites you.
* * * LOW HITPOINT WARNING * * *
The 13-headed hydra bites you but does no damage.
The 13-headed hydra bites you.
* * * LOW HITPOINT WARNING * * *
The 13-headed hydra bites you but does no damage.
The 13-headed hydra bites you.
You die...

#####################
).#..#§§§§§§§.§§@DG$#
.†##'#§####§§§§§##$§+
..'..#§# ##§§§## ##
###..§§# ###+#
.##'#### .#.§)..#
§#§§^^.+ §###..§#
.'.#§§.#


You could see a 13-headed hydra and a floating eye.

Vanquished Creatures
  2 centaur warriors (D)
  Sonja (D)
  2 unseen horrors (D)
  A deep troll (D)
  A lindwurm (D)
  8 shining eyes (D)
  An oklob plant (D)
  A gargoyle (D)
  4 demonic crawlers (D)
  2 kobold demonologists (D)
  A hornet (D)
  A slime creature (D)
  2 redbacks (D)
  A yak (D)
  Sigmund (D)
  13 hogs (D)
  6 floating eyes (D)
  7 necrophages (D)
  An ogre (D)
  8 jellies (D)
  Ijyb (D)
  7 ballistomycetes (D)
72 creatures vanquished.

Vanquished Creatures (others)
  2 ballistomycete spores (D)
2 creatures vanquished.

Grand Total: 74 creatures vanquished

Notes
Turn   | Place    | Note
-------+----------+-------------------------------------------
     0 | D        | varam the Troll Fighter began the quest for the Orb.
     0 | D        | Reached XP level 1. HP: 22/22 MP: 0/0
     1 | D        | Noticed Ijyb
    11 | D        | Killed Ijyb
    11 | D        | Reached skill level 6 in Unarmed Combat
    11 | D        | Reached XP level 2. HP: 26/29 MP: 1/1
   113 | D        | Noticed an ogre
   119 | D        | Killed an ogre
   119 | D        | Reached skill level 9 in Unarmed Combat
   119 | D        | Reached XP level 3. HP: 28/36 MP: 2/2
   119 | D        | Reached XP level 4. HP: 34/44 MP: 3/3
   239 | D        | Noticed Sigmund
   245 | D        | Killed Sigmund
   245 | D        | Reached skill level 5 in Shields
   245 | D        | Reached skill level 10 in Unarmed Combat
   245 | D        | Reached XP level 5. HP: 37/50 MP: 4/4
   280 | D        | Found a deep blue altar of Sif Muna.
   282 | D        | Found a radiant altar of Vehumet.
   285 | D        | Reached skill level 11 in Unarmed Combat
   285 | D        | Reached XP level 6. HP: 55/59 MP: 5/5
   294 | D        | Found Votwagao's Food Emporium.
   294 | D        | Found an ancient bone altar of Kikubaaqudgha.
   294 | D        | Found a hazy altar of Hepliaklqana.
   294 | D        | Found a stormy altar of Qazlal.
   294 | D        | Found a hide-covered altar of Uskayaw.
   294 | D        | Found a blossoming altar of Fedhas.
   294 | D        | Found a bloodstained altar of Trog.
   294 | D        | Found an iron altar of Okawaru.
   294 | D        | Found a basalt altar of Yredelemnul.
   294 | D        | Found a glowing golden altar of the Shining One.
   294 | D        | Found a snail-covered altar of Cheibriados.
   294 | D        | Found a sacrificial altar of Ru.
   294 | D        | Found a glowing silver altar of Zin.
   294 | D        | Found a shadowy altar of Dithmenos.
   294 | D        | Found a white marble altar of Elyvilon.
   294 | D        | Noticed a yak
   304 | D        | Killed a yak
   305 | D        | Found an opulent altar of Gozag.
   306 | D        | Found a sparkling altar of Nemelex Xobeh.
   311 | D        | Became a worshipper of Warmaster Okawaru
   381 | D        | Found a burning altar of Makhleb.
   381 | D        | Found a viscous altar of Jiyva.
   381 | D        | Found a shimmering altar of Xom.
   381 | D        | Found a corrupted altar of Lugonu.
   381 | D        | Noticed a slime creature
   389 | D        | Killed a slime creature
   389 | D        | Reached skill level 12 in Unarmed Combat
   389 | D        | Reached XP level 7. HP: 29/66 MP: 6/6
   576 | D        | Noticed a kobold demonologist
   577 | D        | Noticed a kobold demonologist
   578 | D        | Reached skill level 13 in Unarmed Combat
   585 | D        | Noticed a hellwing
   588 | D        | Killed a kobold demonologist
   588 | D        | Reached * piety under Okawaru
   592 | D        | Killed a kobold demonologist
   592 | D        | Reached ** piety under Okawaru
   592 | D        | Reached skill level 14 in Unarmed Combat
   592 | D        | Reached XP level 8. HP: 74/74 MP: 7/7
   618 | D        | Noticed a centaur warrior
   625 | D        | Noticed a centaur warrior
   642 | D        | Killed a centaur warrior
   642 | D        | Reached skill level 16 in Unarmed Combat
   649 | D        | Killed a centaur warrior
   649 | D        | Reached *** piety under Okawaru
   649 | D        | Reached skill level 17 in Unarmed Combat
   649 | D        | Reached XP level 9. HP: 64/80 MP: 6/8
   685 | D        | Noticed an oklob plant
   691 | D        | Killed an oklob plant
   691 | D        | Reached skill level 18 in Unarmed Combat
   889 | D        | Reached **** piety under Okawaru
   934 | D        | Noticed a deep troll
   938 | D        | Killed a deep troll
   938 | D        | Reached skill level 5 in Dodging
  1064 | D        | Noticed Sonja
  1072 | D        | Killed Sonja
  1072 | D        | Received a gift from Okawaru
  1072 | D        | Reached ***** piety under Okawaru
  1072 | D        | Reached XP level 10. HP: 74/88 MP: 6/9
  1091 | D        | Found Yqasusk's General Store.
  1099 | D        | Bought 2 scrolls of enchant armour for 210 gold pieces
  1120 | D        | Found Siajyvip's Armour Emporium.
  1125 | D        | Bought a +0 cloak of magic resistance for 126 gold pieces
  1151 | D        | Noticed a shining eye
  1151 | D        | Noticed a shining eye
  1151 | D        | Noticed a shining eye
  1377 | D        | Bought a scroll of identify for 28 gold pieces
  1381 | D        | Gained mutation: Your flesh is heat resistant. (rF+) [potion of mutation]
  1381 | D        | Gained mutation: Scrolls take you a little longer to read. [potion of mutation]
  1417 | D        | Killed an unseen horror
  1417 | D        | Received a gift from Okawaru
  1432 | D        | Killed an unseen horror
  1566 | D        | Reached skill level 10 in Dodging
  1627 | D        | Got a pitted marble ring
  1628 | D        | Identified the ring of Intercession {Wiz rPois MR+} (You found it in the Dungeon)
  1642 | D        | Found Qydus's Food Shoppe.
  1642 | D        | Found Moloar's Gadget Shop.
  1642 | D        | Found Ciusun's Magic Scroll Boutique.
  1644 | D        | Found Diceitroto's Distillery.
  1644 | D        | Found Temmugic's Food Shop.
  1644 | D        | Found Hunual's Jewellery Shoppe.
  1644 | D        | Found Huaqe's Magic Scroll Boutique.
  1644 | D        | Found Oxirchoki's Armour Emporium.
  1644 | D        | Found Pusmyru's Book Shop.
  1644 | D        | Found Gittink's Food Shoppe.
  1647 | D        | Found Bade Vaw's General Store.
  1648 | D        | Found Hyeraite's Jewellery Emporium.
  1648 | D        | Found Ysmovvao's Magic Scroll Boutique.
  1649 | D        | Found Emacut Bycu's Magic Scroll Emporium.
  1672 | D        | Bought a scroll of acquirement for 572 gold pieces
  1743 | D        | Bought a scroll of enchant armour for 90 gold pieces
  1755 | D        | Bought a scroll of enchant armour for 75 gold pieces
  1756 | D        | Bought a scroll of enchant armour for 75 gold pieces
  1762 | D        | Bought a scroll of enchant armour for 82 gold pieces
  1773 | D        | Bought a potion of heal wounds for 65 gold pieces
  1794 | D        | Bought an uncursed ring of see invisible for 150 gold pieces
  1858 | D        | Noticed a shining eye
  1858 | D        | Noticed a shining eye
  1858 | D        | Noticed a shining eye
  1860 | D        | Noticed a shining eye
  1860 | D        | Noticed a shining eye
  1860 | D        | Gained mutation: You occasionally shout uncontrollably at your foes. [a shining eye]
  1862 | D        | Killed a shining eye
  1862 | D        | Gained mutation: You tend to lose your temper in combat. [a shining eye]
  1863 | D        | Paralysed by a floating eye for 3 turns
  1865 | D        | Gained mutation: Your magical capacity is low. (-10% MP) [a shining eye]
  1868 | D        | Killed a shining eye
  1870 | D        | Killed a shining eye
  1870 | D        | Reached XP level 11. HP: 93/93 MP: 3/8
  1872 | D        | Killed a shining eye
  1875 | D        | Killed a shining eye
  1875 | D        | Received a gift from Okawaru
  1876 | D        | Paralysed by a floating eye for 2 turns
  1878 | D        | Gained mutation: Your spells are a little easier to cast, but a little less powerful. [a shining eye]
  1881 | D        | Killed a shining eye
  1884 | D        | Gained mutation: Armour fits poorly on your strangely shaped body. [a shining eye]
  1887 | D        | Paralysed by a floating eye for 2 turns
  1890 | D        | Killed a shining eye
  1894 | D        | Killed a shining eye
  1903 | D        | Got a spiked cloak {god gift}
  1914 | D        | Identified the +0 cloak "Irrab" {-Cast *Drain rN+ Dex+8} (Okawaru gifted it to you in the Dungeon)
  1928 | D        | Found Ocozoadd's Gadget Shoppe.
  1928 | D        | Found Oxkera's Food Shop.
  1928 | D        | Found Utoly's Jewellery Emporium.
  1928 | D        | Found Vevafeshraurr's Antique Weapon Boutique.
  2139 | D        | Reached skill level 15 in Dodging
  2159 | D        | Noticed a lindwurm
  2165 | D        | Killed a lindwurm
  2183 | D        | Reached skill level 1 in Armour
  2215 | D        | Reached skill level 5 in Armour
  2267 | D        | Noticed a 12-headed hydra
  2270 | D        | Paralysed by a floating eye for 4 turns
  2274 | D        | HP: 4/93 [13-headed hydra (3)]
  2274 | D        | Slain by a 13-headed hydra

Skill      XL: |  1  2  3  4  5  6  7  8  9 10 11 |
---------------+----------------------------------+-----
Unarmed Combat | 6 9 10 11 12 14 17 18 | 18.7
Shields        | 5 8 9 |  9.3
Dodging        | 7 12 15 | 15.2
Armour         | 6 |  6.2
Fighting       | |  2.4

Action                   |  1- 3 |  4- 6 |  7- 9 | 10-12 || total
-------------------------+-------+-------+-------+-------++-------
Melee: Unarmed           |    14 |    23 |    49 |   174 ||   260
Invok: Heroism           |       |       |     3 |     4 ||     7
       Finesse           |       |       |       |     1 ||     1
  Use: Scroll            |       |       |       |     8 ||     8
       Potion            |       |       |       |     1 ||     1
  Eat: Chunk             |       |     9 |       |     7 ||    16
       Bread ration      |       |       |       |     2 ||     2
       Pizza             |       |       |       |     1 ||     1
Armor: Robe              |       |     1 |     8 |     5 ||    14
       Pearl dragon scal |       |       |       |    46 ||    46
Dodge: Dodged            |     2 |     3 |    14 |    50 ||    69
Block: Shield            |     3 |     3 |    33 |    63 ||   102
